 Dungeon Crawl Stone Soup version 0.27-a0-1101-ge311f74bc8 (webtiles) character file.

Game seed: 1659386463224521211

579 siradein the Cleaver (level 7, 0/57 HPs)
             Began as a Hill Orc Fighter on Apr 28, 2021.
             Slain by a jelly (3 damage)
             ... on level 5 of the Dungeon.
             The game lasted 00:07:50 (3850 turns).

siradein the Cleaver (Hill Orc Fighter)             Turns: 3850, Time: 00:07:50

Health: 0/57       AC: -9    Str: 21    XL:     7   Next: 36%
Magic:  7/7        EV:  7    Int:  8    God:
Gold:   135        SH:  9    Dex: 10    Spells: 6/6 levels left

rFire    . . .     SeeInvis .   k - +1 war axe (vamp)
rCold    . . .     Faith    .   c - +0 kite shield
rNeg     . . .     Spirit   .   b - +0 scale mail
rPois    .         Reflect  .   (no helmet)
rElec    .         Harm     .   (no cloak)
rCorr    .         Rampage  .   (no gloves)
Will     .....                  (no boots)
Stlth    ..........             (no amulet)
HPRegen  0.19/turn              (no ring)
MPRegen  0.10/turn              (no ring)

@: corroded
A: no striking features
a: no special abilities


You were on level 5 of the Dungeon.
You visited 1 branch of the dungeon, and saw 7 of its levels.
You also visited: Sewer.

You collected 135 gold pieces.

Inventory:

Hand Weapons
 k - a +1 vampiric war axe (weapon)
Armour
 b - a +0 scale mail (worn)
 c - a +0 kite shield (worn)
Scrolls
 e - 2 scrolls of magic mapping {unknown}
 f - a scroll of vulnerability {unknown}
 g - 3 scrolls of teleportation {unknown}
 h - 3 scrolls of fog {unknown}
 j - a scroll of fear {unknown}
Potions
 d - a potion of berserk rage {unknown}
 i - a potion of curing


   Skills:
 - Level 3.6 Fighting
 + Level 10.3 Axes
 - Level 3.2 Armour
 - Level 3.2 Shields


You had 6 spell levels left.
You didn't know any spells.
Your spell library was empty.

Dungeon Overview and Level Annotations

Branches:
Dungeon (7/15)              Sewer (visited)
 Temple: D:4-7

Altars:
Elyvilon
Qazlal
Wu Jian

Shops:
D:1 [

Annotations:
D:4 Dowan, Duvessa


Message History

Found a stone staircase leading up.
You slash the hound zombie!
The hound zombie is almost destroyed.
You block the hound zombie's attack. The hound zombie bites you.
You slice the hound zombie!!
You destroy the hound zombie!
No target in view!
As you open the door, it creaks loudly!
A jelly comes into view.
The jelly quivers.
Found a stone staircase leading down and a stone staircase leading up.
There is an open door here.
You hit the jelly.
Your hands burn!
The jelly is moderately wounded.
The jelly hits you. The acid corrodes you!
You are splashed with acid!
You slash the jelly!
Your hands burn!
The jelly is severely wounded.
The jelly barely misses you.
You hit the jelly but do no damage. The acid corrodes you!
Your hands burn!
The jelly is severely wounded.
The jelly hits you. The acid corrodes you!
You are splashed with acid!
You hit the jelly but do no damage.
Your hands burn!
The jelly is severely wounded.
The jelly hits you.
You are splashed with acid!
The jelly hits you.
* * * LOW HITPOINT WARNING * * *
The acid corrodes you!
You are splashed with acid!
* * * LOW HITPOINT WARNING * * *
You hit the jelly.
You feel better.
Your hands burn!
* * * LOW HITPOINT WARNING * * *
The jelly is severely wounded.
You block the jelly's attack.
You hit the jelly but do no damage.
Your hands burn!
* * * LOW HITPOINT WARNING * * *
The jelly is severely wounded.
You block the jelly's attack.
You hit the jelly but do no damage.
Your hands burn!
* * * LOW HITPOINT WARNING * * *
The jelly is severely wounded.
The jelly hits you.
You die...

#............. +...†..
#............. #......
#............> #......
#............. #.>....
< +.............
#.).... ..######'##+#
####...###
............###....###
.......J#####.#....##
...(...@......#.....#
........#####.#####.#
..........###.......#
........###.#.#######
..............#
..###+#####.#.# ..
#####


You could see a jelly.

Vanquished Creatures
  2 water moccasins
  A black bear (D:5)
  A water moccasin zombie (D:3)
  An orc priest (D:7)
  Jessica (D:2)
  2 orc wizards (D:7)
  A hound zombie (D:5)
  A howler monkey zombie (D:6)
  An adder (D:2)
  2 dart slugs
  10 orcs
  A ball python (D:3)
  6 endoplasms
  A giant cockroach (D:1)
  2 goblins (D:3)
  8 jackals (D:1)
  2 quokkas (D:1)
  14 bats
  3 frilled lizards
  3 kobolds
  3 rats
66 creatures vanquished.

Vanquished Creatures (others)
  2 demonic plants (D:3)
  3 withered plants (D:3)
5 creatures vanquished.

Grand Total: 71 creatures vanquished

Notes
Turn   | Place    | Note
-------+----------+-------------------------------------------
     0 | D:1      | siradein the Hill Orc Fighter began the quest for the Orb.
     0 | D:1      | Reached XP level 1. HP: 19/19 MP: 1/1
    26 | D:1      | Reached skill level 3 in Axes
    36 | D:1      | Reached XP level 2. HP: 14/26 MP: 2/2
   313 | D:1      | Reached skill level 4 in Axes
   427 | D:1      | Found Etemogh's Antique Armour Emporium.
   431 | D:1      | Reached XP level 3. HP: 30/31 MP: 3/3
   907 | D:2      | Found an ornate altar of the Wu Jian Council.
   992 | D:2      | Noticed Jessica
   998 | D:2      | Killed Jessica
   999 | D:2      | Reached skill level 5 in Axes
  1288 | D:2      | Reached XP level 4. HP: 39/39 MP: 4/4
  1890 | D:3      | Found a faded altar of an unknown god.
  1925 | D:3      | Reached skill level 6 in Axes
  1930 | D:3      | Reached XP level 5. HP: 22/45 MP: 5/5
  2134 | D:3      | Noticed a water moccasin
  2144 | D:3      | Killed a water moccasin
  2145 | D:3      | Reached skill level 8 in Axes
  2145 | D:3      | Reached XP level 6. HP: 15/51 MP: 6/6
  2625 | D:3      | Noticed an ice beast
  2650 | D:4      | Noticed Dowan
  2659 | D:4      | Noticed Duvessa
  2690 | D:4      | Found a glowing drain.
  2700 | Sewer    | Entered a sewer
  2743 | Sewer    | Noticed a water moccasin
  2758 | Sewer    | Killed a water moccasin
  2759 | Sewer    | Reached skill level 9 in Axes
  3003 | D:4      | You fall into a shaft and drop 3 floors!
  3024 | D:7      | Found a stormy altar of Qazlal.
  3221 | D:7      | Reached XP level 7. HP: 46/57 MP: 7/7
  3397 | D:7      | Found a white marble altar of Elyvilon.
  3679 | D:5      | Entered Level 5 of the Dungeon
  3686 | D:5      | Reached skill level 10 in Axes
  3850 | D:5      | HP: 2/57 [acid (2)]
  3850 | D:5      | Slain by a jelly

Illustrated notes

Levels and vault maps discovered:
D:1:      kennysheep_arrival_forest, layout_rooms, serial_shops,
          nicolae_shop_temple_entry_statues_fountains
D:2:      layout_basic, basic_altar, roderic_lattice_a, uniq_jessica
D:3:      layout_loops_ring, nicolae_vehumet_altar_sigil,
          gammafunk_temple_overflow_arena, shapermc_ecumenical_altar_gd
D:4:      layout_layer_cave, cheibrodos_sewer_entry_sluice, minmay_door_square,
          uniq_duvessa
D:5:      due_chaos_kobolds, layout_gridville, kennysheep_mini,
          nicolae_ru_the_path_less_chosen, minmay_temple_entry_large_hall,
          chequers_serial_rivers_small_3, grunt_decor_fettered,
          kennysheep_generic_room_7, uniq_ijyb, uniq_eustachio
D:6:      layout_basic, old_standard_altar, old_standard_altar
D:7:      layout_basic, lemuel_tele_altar, elyvilon_altar_5

Skill      XL: |  1  2  3  4  5  6  7 |
---------------+----------------------+-----
Axes           | 3 4 5 6 8 9 10 | 10.3
Fighting       | |  3.6
Armour         | |  3.2
Shields        | |  3.2

Action                   |  1- 3 |  4- 6 |  7- 9 || total
-------------------------+-------+-------+-------++-------
Melee: War axe           |    71 |   100 |    48 ||   219
  Use: Potion            |       |     2 |       ||     2
Armor: Scale mail        |    35 |    75 |    15 ||   125
Dodge: Dodged            |    32 |    42 |    16 ||    90
Block: Kite shield       |    34 |    84 |    21 ||   139

Table legend: (Time is in decaauts)
 A = Elapsed time spent in this place.
 B = Non-inter-level travel time spent in this place.
 C = Inter-level travel time spent in this place.
 D = Time resting spent in this place.
 E = Time spent auto-exploring this place.
 F = Levels seen in this place.
 G = Mean time per level.
                   A        B        C        D        E       F      G
               +--------+--------+--------+--------+--------+-----+--------+
         Total |   3934 |   3851 |     83 |    165 |   3099 |   8 |  491.8 |
       Dungeon |   3654 |   3571 |     83 |    162 |   2860 |   7 |  522.0 |
         Sewer |    280 |    280 |      0 |      3 |    239 |   1 |  280.0 |
               +--------+--------+--------+--------+--------+-----+--------+

Top non-repeatable levels by time:
     D:2: 1064 daAuts
     D:3: 825 daAuts
     D:1: 816 daAuts
     D:7: 670 daAuts
   Sewer: 280 daAuts
     D:5: 174 daAuts
     D:4: 84 daAuts
     D:6: 19 daAuts
